 Dungeon Crawl Stone Soup version 0.22-a0-608-g8a62e23 (webtiles) character file.

486 Hebeh the Magician (level 6, -13/35 HPs)
             Began as a Deep Elf Fire Elementalist on July 9, 2018.
             Mangled by a two-headed ogre
             ... wielding a +0 giant club
              (15 damage)
             ... on level 4 of the Dungeon.
             The game lasted 00:21:49 (3704 turns).

Hebeh the Magician (Deep Elf Fire Elementalist)     Turns: 3704, Time: 00:21:49

Health: -13/35     AC:  5    Str:  7    XL:     6   Next: 89%
Magic:  14/16      EV: 18    Int: 20    God:
Gold:   204        SH:  0    Dex: 20    Spells: 10/16 levels left

rFire    + . .     SeeInvis .   b - +0 hunting sling
rCold    . . .     Gourm    .   (no shield)
rNeg     . . .     Faith    .   z - +0 robe {MR+}
rPois    .         Spirit   .   (no helmet)
rElec    .         Reflect  .   (no cloak)
rCorr    .         Harm     .   u - +2 pair of gloves
MR       +....                  (no boots)
Stlth    +++.......             (no amulet)
HPRegen  0.11/turn              x - ring of protection from fire
MPRegen  0.15/turn              (no ring)

@: agile
A: no striking features
a: no special abilities


You were on level 4 of the Dungeon.
You were not hungry.

You visited 1 branch of the dungeon, and saw 4 of its levels.

You collected 204 gold pieces.

Inventory:

Hand Weapons
 a - a +0 trident
 b - a +0 hunting sling (weapon)
 o - a +0 short sword
Missiles
 g - 64 stones
 p - 30 sling bullets (quivered)
 y - 4 tomahawks
Armour
 f - a +0 robe
 u - a +2 pair of gloves (worn)
 z - a +0 robe of magic resistance (worn)
Jewellery
 x - a ring of protection from fire (left hand)
Scrolls
 d - 2 scrolls of immolation {unknown}
 e - 2 scrolls of enchant armour {unknown}
 h - 2 scrolls of remove curse {unknown}
 j - 4 scrolls of teleportation {unknown}
 l - 3 scrolls of enchant weapon {unknown}
 m - 2 scrolls of blinking {unknown}
 r - 4 scrolls of identify {unknown}
 t - 2 scrolls of amnesia {unknown}
Potions
 i - a potion of might {unknown}
 k - a potion of flight {unknown}
 n - a potion of resistance {unknown}
 q - a potion of heal wounds {unknown}
 v - a potion of mutation {unknown}
 A - 3 potions of curing {unknown}
Comestibles
 c - 2 rations
 s - a chunk of flesh


   Skills:
 + Level 1.9 Fighting
 + Level 1.1 Throwing
 - Level 2.4 Dodging
 - Level 2.4 Stealth
 * Level 5.7 Spellcasting
 * Level 4.1 Conjurations
 * Level 5.3 Fire Magic


You had 10 spell levels left.
You knew the following spells:

 Your Spells              Type           Power        Failure   Level  Hunger
a - Flame Tongue          Conj/Fire      ###..        1%          1    None
b - Throw Flame           Conj/Fire      ###...       2%          2    None
c - Conjure Flame         Conj/Fire      ###.....     4%          3    ##.....

Your spell library contained the following spells:

 Spells                   Type           Power        Failure   Level  Hunger
 Fireball                 Conj/Fire      ###.......   38%         5    #####..
 Sticky Flame             Conj/Fire      ###.....     16%         4    ####...
 Inner Flame              Hex/Fire       ###.....     11%         3    ##.....


Dungeon Overview and Level Annotations

Branches:
Dungeon (4/15)
 Temple: D:4-7

Altars:
Ru


Message History

The sling bullet hits the two-headed ogre.
The two-headed ogre is moderately wounded.
The two-headed ogre barely misses you.
The two-headed ogre hits you with a giant club.
Casting: Conjure Flame (safe; 4% risk of failure)
Confirm with . or Enter, or press ? or * to list all spells.
Aiming: Flame Tongue (safe; 1% risk of failure)
Press: ? - help, Shift-Dir - straight line, f/p - two-headed ogre
Aim: a two-headed ogre, wielding two giant clubs (moderately wounded)
The flame tongue hits the two-headed ogre.
The two-headed ogre appears unharmed.
The two-headed ogre is moderately wounded.
The two-headed ogre barely misses you.
The two-headed ogre hits you with a giant club!
* * * LOW HITPOINT WARNING * * *
Okay, then.
Okay, then.
You feel agile all of a sudden.
The two-headed ogre hits you with a giant club!
You die...

.(. #.# #.# #(# #.#
#(# #.# #.###### #.#
#(. ..# #.# ##.####(#
#.#######.#
........####.##...##.#
..........O@....#.##.#
##.#########.##....[.#
#.###.#.### #.# #.#.#
#.# #.#.# #.. #.#.#
####.##)#.#
....<.....#
####.##.###


You could see a two-headed ogre.

Vanquished Creatures
  Sigmund (D:2)
  An ogre (D:4)
  A hound (D:4)
  An orc wizard (D:3)
  A worker ant (D:4)
  7 adders
  2 oozes
  5 worms
  2 dart slugs
  4 leopard geckos
  9 orcs
  3 ball pythons
  7 bats
  A giant cockroach (D:3)
  8 goblins
  8 hobgoblins
  3 jackals
  A frilled lizard (D:3)
  A jackal skeleton (D:4)
  9 kobolds
  A quokka skeleton (D:4)
  7 rats
83 creatures vanquished.

Notes
Turn   | Place    | Note
-------+----------+-------------------------------------------
     0 | D:1      | Hebeh the Deep Elf Fire Elementalist began the quest for the Orb.
     0 | D:1      | Reached XP level 1. HP: 10/10 MP: 6/6
   124 | D:1      | Reached XP level 2. HP: 15/15 MP: 1/8
  1034 | D:2      | Reached XP level 3. HP: 20/20 MP: 8/10
  1183 | D:2      | Found a sacrificial altar of Ru.
  1394 | D:2      | Noticed Sigmund
  1418 | D:2      | Learned a level 2 spell: Throw Flame
  1422 | D:2      | Learned a level 3 spell: Conjure Flame
  1445 | D:2      | Killed Sigmund
  1445 | D:2      | Reached skill level 1 in Fighting
  1445 | D:2      | Reached XP level 4. HP: 10/25 MP: 4/12
  1445 | D:2      | Reached XP level 5. HP: 11/29 MP: 4/14
  2289 | D:3      | Reached skill level 5 in Spellcasting
  2355 | D:3      | Reached XP level 6. HP: 34/34 MP: 1/15
  2856 | D:3      | Reached skill level 5 in Fire Magic
  3370 | D:4      | Reached skill level 1 in Throwing
  3690 | D:4      | Noticed a two-headed ogre
  3699 | D:4      | HP: 1/35 [two-headed ogre/giant club (15)]
  3704 | D:4      | Mangled by a two-headed ogre

Vault maps used:
D:1:      dpeg_arrival_houses_and_road, serial_bayou_pond_e, hex_large
D:2:      first_ration, nicolae_ru_sacrificial_ziggurat, uniq_sigmund
D:4:      uniq_menkaure, uniq_natasha

Skill      XL: |  1  2  3  4  5  6 |
---------------+-------------------+-----
Conjurations   | 2 3 4 |  4.1
Fighting       | 1 |  1.9
Spellcasting   | 4 5 |  5.7
Fire Magic     | 4 5 |  5.3
Throwing       | 1 |  1.1
Dodging        | |  2.4
Stealth        | |  2.4

Action                   |  1- 3 |  4- 6 || total
-------------------------+-------+-------++-------
Melee: Trident           |       |    14 ||    14
 Fire: Hunting sling     |    57 |    63 ||   120
 Cast: Flame Tongue      |    37 |    65 ||   102
       Conjure Flame     |     1 |     6 ||     7
       Throw Flame       |       |    15 ||    15
  Use: Potion            |       |     1 ||     1
  Eat: Chunk             |     1 |     4 ||     5
       Ration            |       |     1 ||     1
Armor: Robe              |     3 |    13 ||    16
Dodge: Dodged            |    10 |    30 ||    40

Table legend:
 A = Spawn XP
 B = Non-spawn XP
 C = Spawn XP percentage of total XP
 D = Spawn monster count
 E = Non-spawn monster count
 F = Spawn count percentage of total count
 G = Total turns spent on level
                    A         B        C        D         E        F      G
               +---------+---------+-------+---------+---------+-------+---------
         Total |       0 |     695 |   0.0 |       0 |      83 |   0.0 |  3704
               +---------+---------+-------+---------+---------+-------+---------
           D:1 |       0 |      33 |   0.0 |       0 |      17 |   0.0 |   912
           D:2 |       0 |     289 |   0.0 |       0 |      23 |   0.0 |  1277
           D:3 |       0 |     155 |   0.0 |       0 |      33 |   0.0 |  1081
           D:4 |       0 |     218 |   0.0 |       0 |      10 |   0.0 |   434
               +---------+---------+-------+---------+---------+-------+---------
